 Dungeon Crawl Stone Soup version 0.29-a0-330-g52719c12eb (webtiles) character file.

Game seed: 14868792026959285493

97 kae the Firebug (level 4, 0/33 HPs)
             Began as a Demigod Fire Elementalist on Apr 28, 2022.
             Succumbed to a scorpion's poison
             ... on level 2 of the Dungeon.
             The game lasted 00:01:29 (1498 turns).

kae the Firebug (Demigod Fire Elementalist)         Turns: 1498, Time: 00:01:30

Health: 0/33       AC:  2    Str:  9    XL:     4   Next: 19%
Magic:  0/10       EV: 12    Int: 21    God:
Gold:   62         SH:  5    Dex: 14    Spells: 1/7 levels left

rFire   . . .      SeeInvis .   (no weapon)
rCold   . . .      Faith    .   (no shield)
rNeg    + . .      Spirit   .   a - +0 robe
rPois   .          Reflect  +   (no helmet)
rElec   .          Harm     .   (no cloak)
rCorr   .          Rampage  .   (no gloves)
Will    .....                   (no boots)
Stlth   ++........              f - amulet of reflection
HPRegen 0.11/turn               d - ring of positive energy
MPRegen 0.12/turn               (no ring)

@: mighty, lethally poisoned (0 -> -2)
A: high MP 1, forlorn, divine attributes
a: no special abilities


You were on level 2 of the Dungeon.
You visited 1 branch of the dungeon, and saw 2 of its levels.

You collected 62 gold pieces.

Inventory:

Armour
 a - a +0 robe (worn)
 e - a +0 pair of boots
Jewellery
 d - a ring of positive energy (left hand)
 f - an amulet of reflection (around neck)
Potions
 b - a potion of magic
 c - a potion of might


   Skills:
 + Level 2.4 Dodging
 + Level 2.6 Stealth
 + Level 2.3 Spellcasting
 + Level 1.8 Conjurations
 + Level 3.2 Fire Magic


You had one spell level left.
You knew the following spells:

 Your Spells              Type           Power      Damage    Failure   Level
a - Foxfire               Conj/Fire      52%        2x1d6     4%          1
b - Scorch                Fire           30%        2d6       6%          2
c - Conjure Flame         Conj/Fire      13%        6-21      16%         3

Your spell library contained the following spells:

 Spells                   Type           Power      Damage    Failure   Level
 Inner Flame              Hex/Fire       9%         N/A       22%         3
 Dazzling Flash           Conj/Hex       12%        N/A       28%         3
 Call Canine Familiar     Summ           2%         N/A       38%         3
 Portal Projectile        Hex/Tloc       4%         N/A       38%         3
 Flame Wave               Conj/Fire      13%        2d6       45%         4
 Iskenderun's Mystic Bla  Conj/Tloc      6%         2d4       67%         4
 Leda's Liquefaction      Hex/Erth       1%         N/A       80%         4
 Starburst                Conj/Fire      6%         6d4       100%        6


Dungeon Overview and Level Annotations

Branches:
Dungeon (2/15)

Shops:
D:1 :


Innate Abilities, Weirdness & Mutations

You have an increased reservoir of magic. (+10% MP)
You shall have no god before yourself.
Your divine heritage dramatically boosts your attributes as you level up.


Message History

You block the scorpion's attack.
Casting: Scorch (safe; 6% risk of failure)
Confirm with . or Enter, or press ? or * to list all spells.
You conjure some foxfire!
* * * LOW HITPOINT WARNING * * *
You feel very sick. The scorpion completely misses you.
* * * LOW HITPOINT WARNING * * *
You feel sick.
The adder is no longer more vulnerable to fire.
The foxfire hits the scorpion.
The scorpion is almost dead.
The foxfire hits the scorpion but does no damage.
The scorpion is almost dead.
The scorpion barely misses you.
Casting: Foxfire (safe; 6% risk of failure)
Confirm with . or Enter, or press ? or * to list all spells.
You conjure some foxfire!
* * * LOW HITPOINT WARNING * * *
You feel sick.
The scorpion is no longer more vulnerable to fire.
The scorpion closely misses you.
* * * LOW HITPOINT WARNING * * *
You feel sick.
The foxfire hits the scorpion.
You kill the scorpion!
The foxfire hits the adder.
The adder is almost dead.
You have reached level 4!
It was a potion of might.
You feel very mighty all of a sudden.
* * * LOW HITPOINT WARNING * * *
You feel sick. The adder misses you.
Casting: Foxfire (safe; 4% risk of failure)
Confirm with . or Enter, or press ? or * to list all spells.
You don't have enough magic to cast this spell.
Unknown command.
Casting: Foxfire (safe; 4% risk of failure)
Confirm with . or Enter, or press ? or * to list all spells.
You conjure some foxfire!
You die...

#.....# #.....# ###
#.....# # #..
#.....########## #.
#.###............... .
#...#...............
#.#.#.#†..............
<.#.#<#.#.###..v..†.....
...............v@.###
#.#.#.#.#.#######S#
#.#.#.#.# r.# # #.#.#.#
..# #.#.#.# ... #...#.#
...# #####.# .#.# .#
##..


You could see an adder (ally target) and a quokka.

Vanquished Creatures
  A scorpion (D:2)
  4 dart slugs (D:1)
  2 endoplasms (D:1)
  2 giant cockroaches
  4 goblins (D:1)
  3 hobgoblins (D:1)
  3 jackals (D:1)
  A quokka (D:1)
  A ball python (D:2)
  6 bats
  A frilled lizard (D:1)
  2 rats (D:1)
30 creatures vanquished.

Vanquished Creatures (others)
  129 foxfires
129 creatures vanquished.

Grand Total: 159 creatures vanquished

Notes
Turn   | Place    | Note
-------+----------+-------------------------------------------
     0 | D:1      | kae the Demigod Fire Elementalist began the quest for the
                  | Orb.
     0 | D:1      | Reached XP level 1. HP: 14/14 MP: 5/5
    20 | D:1      | Reached skill level 1 in Conjurations
   263 | D:1      | Reached XP level 2. HP: 20/20 MP: 0/7
   266 | D:1      | Learned a level 2 spell: Scorch
   738 | D:1      | Found Hiekuwai's Book Shop.
   925 | D:1      | Reached skill level 3 in Fire Magic
  1323 | D:1      | Reached XP level 3. HP: 21/26 MP: 4/8
  1399 | D:1      | Learned a level 3 spell: Conjure Flame
  1484 | D:2      | Noticed a scorpion
  1496 | D:2      | Killed a scorpion
  1497 | D:2      | Reached XP level 4. HP: 2/33 MP: 1/10
  1497 | D:2      | HP: 1/33 [poisoned by a scorpion]
  1498 | D:2      | Succumbed to a scorpion's poison

Illustrated notes

Levels and vault maps discovered:
D:1:      mrwooster_arrival_arrow, layout_rooms, serial_shops, shop
D:2:      layout_basic, hellmonk_ecumenical_altar_inner_sanctum, serial_shops,
          nicolae_shop_window_shopping, nicolae_wormholes

Skill      XL: |  1  2 |
---------------+-------+-----
Conjurations   | 1 |  1.8
Stealth        | 2 |  2.6
Dodging        | 2 |  2.4
Spellcasting   | 2 |  2.3
Fire Magic     | 3 |  3.2

Action                   |  1- 3 |  4- 6 || total
-------------------------+-------+-------++-------
Melee: Unarmed           |     1 |       ||     1
 Cast: Foxfire           |    75 |     1 ||    76
       Scorch            |     2 |       ||     2
  Use: Scroll            |     1 |       ||     1
       Potion            |       |     1 ||     1
Armor: Robe              |     5 |       ||     5
Dodge: Dodged            |    18 |     1 ||    19
Block: Other             |     8 |       ||     8
       Reflection        |     1 |       ||     1

Table legend: (Time is in decaauts)
 A = Elapsed time spent in this place.
 B = Non-inter-level travel time spent in this place.
 C = Inter-level travel time spent in this place.
 D = Time resting spent in this place.
 E = Time spent auto-exploring this place.
 F = Levels seen in this place.
 G = Mean time per level.
                   A        B        C        D        E       F      G
               +--------+--------+--------+--------+--------+-----+--------+
         Total |   1497 |   1480 |     17 |      0 |   1241 |   2 |  748.5 |
       Dungeon |   1497 |   1480 |     17 |      0 |   1241 |   2 |  748.5 |
               +--------+--------+--------+--------+--------+-----+--------+

Top non-repeatable levels by time:
     D:1: 1415 daAuts
     D:2: 81 daAuts
